 Dungeon Crawl Stone Soup version 0.23-a0-451-g1044d4cbad (webtiles) character file.

179 LostNumber the Caller (level 5, 0/38 HPs)
             Began as a Mummy Summoner on Nov 22, 2018.
             Killed by divine providence
             ... invoked by an orc priest
              (10 damage)
             ... on level 3 of the Dungeon.
             The game lasted 00:04:38 (3280 turns).

LostNumber the Caller (Mummy Summoner)              Turns: 3280, Time: 00:04:39

Health: 0/38       AC:  2    Str: 11    XL:     5   Next: 33%
Magic:  0/11       EV: 12    Int: 15    God:
Gold:   93         SH:  0    Dex: 13    Spells: 2/12 levels left

rFire    x . .     SeeInvis .   e - +0 spear
rCold    + . .     Gourm    .   (no shield)
rNeg     + + +     Faith    .   a - +0 robe
rPois    ∞         Spirit   .   (no helmet)
rElec    .         Reflect  .   (no cloak)
rCorr    .         Harm     .   (no gloves)
MR       .....                  (no boots)
Stlth    ++........             g - amulet of regeneration
HPRegen  0.52/turn              (no ring)
MPRegen  0.12/turn              (no ring)

@: no status effects
A: no food or potions, fire vulnerability, cold resistance 1, negative energy
resistance 3, torment resistance, unbreathing
a: no special abilities


You were on level 3 of the Dungeon.
You were not hungry.

You visited 1 branch of the dungeon, and saw 4 of its levels.

You collected 93 gold pieces.

Inventory:

Hand Weapons
 e - a +0 spear (weapon)
Armour
 a - a +0 robe (worn)
 h - a +0 shield
Jewellery
 g - an amulet of regeneration (around neck)
Wands
 l - a wand of polymorph (11)
 m - a wand of iceblast (6)
Scrolls
 b - a scroll of fear
 c - 2 scrolls of fog
 d - a scroll of identify
 f - 2 scrolls of teleportation
 i - a scroll of magic mapping
 j - 2 scrolls of amnesia {unknown}
 k - a scroll of random uselessness {unknown}
 n - a scroll of remove curse {unknown}


   Skills:
 + Level 2.1 Fighting
 - Level 1.5 Dodging
 - Level 1.5 Stealth
 + Level 4.0 Spellcasting
 * Level 4.3 Summonings
 * Level 1.1 Ice Magic


You had 2 spell levels left.
You knew the following spells:

 Your Spells              Type           Power        Failure   Level  Hunger
a - Summon Small Mammal   Summ           ###.         3%          1    N/A
b - Call Imp              Summ           ###.....     4%          2    N/A
c - Call Canine Familiar  Summ           ###.....     9%          3    N/A
d - Summon Ice Beast      Ice/Summ       ##......     50%         4    N/A

Your spell library contained the following spells:

 Spells                   Type           Power        Failure   Level  Hunger
 Magic Dart               Conj           #...         19%         1    N/A
 Blink                    Tloc           N/A          26%         2    N/A
 Slow                     Hex            #.......     26%         2    N/A
 Summon Guardian Golem    Hex/Summ       #.......     22%         3    N/A
 Conjure Flame            Conj/Fire      #.......     47%         3    N/A
 Mephitic Cloud           Conj/Pois/Air  #.......     47%         3    N/A
 Summon Lightning Spire   Summ/Air       #.......     58%         4    N/A

Dungeon Overview and Level Annotations

Branches:
Dungeon (4/15)
 Temple: D:4-7

Altars:


Innate Abilities, Weirdness & Mutations

You do not eat or drink.
Your flesh is vulnerable to fire.
You are immune to poison.
Your flesh is cold resistant. (rC+)
You are immune to negative energy. (rN+++)
You are immune to unholy pain and torment.
You can survive without breathing.


Message History

Unknown command.
You barely miss the orc priest.
The orc priest is almost dead.
Your hound barely misses the orc priest.
The orc priest hits you with a +0 falchion.
The orc priest mumbles some strange prayers to Beogh against you.
Beogh smites you!
Your hound bites the orc priest.
The orc priest dies!
Your crimson imp blinks!
The orc priest hits you with a +0 war axe.
* * * LOW HITPOINT WARNING * * *
The orc priest hits your hound but does no damage.
You climb upwards.
Your summoned allies are left behind.
There is a stone staircase leading down here.
Casting: Call Imp (safe; 4% risk of failure)
Confirm with . or Enter, or press ? or * to list all spells.
A metallic apparition takes form in the air.
The orc priest calls down the wrath of Beogh upon you.
Beogh smites you!
You die...

########.....# #.###†### ###
........)###)# #.......##### #..
........†# #.# #####.......# #.#
.........# #.#######...###.# #.#
.........# #...........# #.# #.#
.........###########...###.####.#
<........#.....#####.....#.#....#
.........#.###.#o.5....#.#...####
...........###.#@##..###.########
.................##..# #.........
#######..........##..######..###.
##.#.......##....#.....###.
########.#..)..<.##.##.#.##....##
.<.......#.......##(...#.#####.##
.................#######.# #.#.
..........######## #....#####...
..........# #...%#.....#.


You could see an orc priest and a friendly iron imp.

Vanquished Creatures
  A howler monkey skeleton (D:3)
  4 adders (D:3)
  An ooze (D:2)
  2 dart slugs
  2 leopard geckos
  An orc (D:4)
  2 giant cockroaches
  2 goblins
  3 hobgoblins
  4 kobolds
  A quokka (D:4)
  3 bats
  A frilled lizard (D:3)
  3 rats
30 creatures vanquished.

Vanquished Creatures (collateral kills)
  3 orc priests
  4 adders
  An ooze (D:2)
  2 worms
  A dart slug (D:3)
  2 leopard geckos (D:3)
  4 orcs
  A giant cockroach (D:1)
  3 goblins
  3 hobgoblins
  A frilled lizard (D:2)
  2 kobolds (D:3)
27 creatures vanquished.

Grand Total: 57 creatures vanquished

Notes
Turn   | Place    | Note
-------+----------+-------------------------------------------
     0 | D:1      | LostNumber the Mummy Summoner began the quest for the Orb.
     0 | D:1      | Reached XP level 1. HP: 13/13 MP: 4/4
  1205 | D:1      | Reached XP level 2. HP: 20/20 MP: 5/5
  1209 | D:1      | Learned a level 2 spell: Call Imp
  1497 | D:2      | Reached skill level 1 in Fighting
  1834 | D:2      | Reached XP level 3. HP: 23/26 MP: 4/7
  1845 | D:2      | Learned a level 3 spell: Call Canine Familiar
  2041 | D:2      | Reached XP level 4. HP: 29/32 MP: 1/9
  2357 | D:3      | Learned a level 4 spell: Summon Ice Beast
  2812 | D:3      | Reached XP level 5. HP: 31/38 MP: 6/10
  2969 | D:3      | Reached skill level 1 in Ice Magic
  3280 | D:3      | Killed from afar by an orc priest

Vault maps used:
D:1:      ncdulo_smallfort
D:2:      first_ration
D:4:      tso_metal_star, minmay_temple_entry_enclosed_plants

Skill      XL: |  1  2  3  4  5 |
---------------+----------------+-----
Spellcasting   | 3 4 |  4.0
Fighting       | 1 2 |  2.1
Summonings     | 4 |  4.3
Ice Magic      | 1 |  1.1
Dodging        | |  1.5
Stealth        | |  1.5

Action                   |  1- 3 |  4- 6 || total
-------------------------+-------+-------++-------
Melee: Unarmed           |    52 |       ||    52
       Spear             |    84 |   125 ||   209
 Cast: Summon Small Mamm |     4 |       ||     4
       Call Imp          |     7 |     5 ||    12
       Call Canine Famil |     3 |    11 ||    14
  Use: Scroll            |       |     4 ||     4
 Stab: Sleeping          |     5 |     3 ||     8
Armor: Robe              |    23 |     8 ||    31
Dodge: Dodged            |    80 |    63 ||   143

Table legend:
 A = Non-vault XP
 B = Vault XP
 C = Vault XP percentage of total XP
 D = Non-vault monster count
 E = Vault monster count
 F = Vault count percentage of total count
                 A         B        C        D         E       F
            +---------+---------+-------+---------+---------+-------
      Total |     257 |       0 |   0.0 |      57 |       0 |   0.0
            +---------+---------+-------+---------+---------+-------
        D:1 |      14 |       0 |   0.0 |       8 |       0 |   0.0
        D:2 |     101 |       0 |   0.0 |      21 |       0 |   0.0
        D:3 |     107 |       0 |   0.0 |      25 |       0 |   0.0
        D:4 |      35 |       0 |   0.0 |       3 |       0 |   0.0
            +---------+---------+-------+---------+---------+-------
